 Dungeon Crawl Stone Soup version 0.20.1-1-g8b1a95d (webtiles) character file.

82 Linguinho the Digger (level 4, -7/33 HPs)
             Began as a Draconian Earth Elementalist on Oct 31, 2017.
             Killed from afar by an orc wizard (9 damage)
             ... with a puff of flame
             ... on level 3 of the Dungeon.
             The game lasted 00:04:16 (1756 turns).

Linguinho the Digger (Draconian Earth Elementalist) Turns: 1756, Time: 00:04:17

Health: -7/33      AC:  5    Str: 10    XL:     4   Next: 21%
Magic:  5/8        EV: 12    Int: 16    God:
Gold:   86         SH:  0    Dex: 12    Spells: 8/9 levels left

rFire    . . .     SeeInvis .   (no weapon)
rCold    . . .     Gourm    .   (no shield)
rNeg     . . .     Faith    .   (armour unavailable)
rPois    .         Spirit   .   (helmet restricted)
rElec    .         Reflect  .   (no cloak)
rCorr    .         Harm     .   (no gloves)
MR       .....                  (no boots)
Stlth    ++........             (no amulet)
Regen    0.2/turn               (no ring)
MPRegen  0.2/turn               (no ring)

@: no status effects
A: unfitting armour, cold-blooded, AC +5
a: no special abilities


You were on level 3 of the Dungeon.
You were not hungry.

You visited 1 branch of the dungeon, and saw 3 of its levels.

You collected 86 gold pieces.

Inventory:

Hand Weapons
 j - a +2 short sword of freezing
Missiles
 b - 34 stones (quivered)
Jewellery
 e - a cursed -3 ring of intelligence {unknown}
 l - an uncursed amulet of magic regeneration {unknown}
Scrolls
 f - 3 scrolls of identify {unknown}
 g - a scroll of fog {unknown}
 h - a scroll of teleportation {unknown}
Potions
 a - 3 potions of curing {unknown}
 k - a potion of berserk rage {unknown}
 m - a potion of cancellation {unknown}
Books
 d - a book of Geomancy

   Spells                             Type                      Level
   a - Sandblast                      Earth                        1
   b - Passwall                       Transmutation/Earth          2
   c - Stone Arrow                    Conjuration/Earth            3
   d - Petrify                        Transmutation/Earth          4
   e - Lee's Rapid Deconstruction     Earth                        5
Comestibles
 c - 2 bread rations
 i - a meat ration


   Skills:
 + Level 0.2 Fighting
 - Level 1.8 Dodging
 - Level 1.9 Stealth
 + Level 3.1 Spellcasting
   Level 1.0 Transmutations
 + Level 4.0 Earth Magic


You had 8 spell levels left.
You knew the following spells:

 Your Spells              Type           Power        Failure   Level  Hunger
a - Sandblast             Erth           ###...       3%          1    None


Dungeon Overview and Level Annotations

Branches:
Dungeon (3/15)

Altars:

Annotations:
D:3 AdmiralAndromeda's ghost, amateur MiMo


Innate Abilities, Weirdness & Mutations

Your plain brown scales are hard. (AC +5)
You cannot fit into any form of body armour.
You are cold-blooded and may be slowed by cold attacks.


Message History

An orc comes into view. It is wielding a morningstar.
The orc drinks a potion.
The orc seems to grow stronger.
An orc comes into view. It is wielding a hand axe.
An orc wizard comes into view. It is wielding a dagger.
The orc hits you with a morningstar!
* * * LOW HITPOINT WARNING * * *
Really attack barehanded? [Y]es or [N]o only, please.
Really attack barehanded? [Y]es or [N]o only, please.
Really attack barehanded?
Okay, then.
An orc comes into view.
The orc shouts!
The orc shouts!
The orc wizard shouts!
The orc wizard casts a spell.
The orc wizard seems to speed up.
The orc wizard casts a spell at you. The puff of flame hits you!
You die...

'####
#.##.#####.##......##
......#.##.# #....###.##
......#.##.#######.....(#
......#.##..........#####
..$...#'##########.)#
................##.†#
................##..#
................##..#
##..##....@.....##..# ##.
#....!.W†.)....# #
#.....o.......##
#......<....###
#..........##
#......o.....#
##.....o.....#
.....o.......#
...#.........[#


You could see an orc wizard, AdmiralAndromeda's ghost and 3 orcs.

Vanquished Creatures
  2 adders (D:2)
  4 worms
  3 dart slugs (D:2)
  2 leopard geckos (D:2)
  A ball python (D:2)
  5 bats
  3 giant cockroaches
  6 goblins
  4 hobgoblins
  3 quokkas
  3 frilled lizards
  2 kobolds (D:2)
  6 rats
44 creatures vanquished.

Notes
Turn   | Place    | Note
-------+----------+-------------------------------------------
     0 | D:1      | Linguinho the Draconian Earth Elementalist began the quest for the Orb.
     0 | D:1      | Reached XP level 1. HP: 14/14 MP: 3/3
   230 | D:1      | Reached XP level 2. HP: 20/20 MP: 3/5
   674 | D:2      | Reached XP level 3. HP: 16/26 MP: 0/6
  1026 | D:2      | Reached skill level 4 in Earth Magic
  1490 | D:3      | Reached XP level 4. HP: 33/33 MP: 4/8
  1651 | D:3      | Noticed AdmiralAndromeda's ghost (amateur MiMo)
  1752 | D:3      | HP: 1/33 [orc/morningstar (16)]
  1756 | D:3      | Killed from afar by an orc wizard

Skill      XL: |  1  2  3  4 |
---------------+-------------+-----
Earth Magic    | 4 |  4.0
Spellcasting   | 3 |  3.1
Fighting       | |  0.2
Dodging        | |  1.8
Stealth        | |  1.9
Transmutations | |  1.0

Action                   |  1- 3 |  4- 6 || total
-------------------------+-------+-------++-------
Melee: Unarmed           |    30 |       ||    30
       Tailslap          |     2 |       ||     2
 Cast: Sandblast         |    43 |    21 ||    64
 Stab: Sleeping          |     2 |       ||     2
  Eat: Chunk             |     2 |     1 ||     3
Armor: Skin              |    23 |     4 ||    27
Dodge: Dodged            |    34 |     8 ||    42
